 Dungeon Crawl Stone Soup version 0.30-a0-881-g1ff12e1e11 (webtiles) character file.

Game seed: 12102837829713577717

11538 iguanaiguana the Magician (level 11, 0/101 HPs)
             Began as an Armataur Ice Elementalist on Mar 14, 2023.
             Was a Believer of Ashenzari.
             Slain by a cyclops (27 damage)
             ... on level 11 of the Dungeon on Mar 15, 2023.
             The game lasted 00:54:18 (6032 turns).

iguanaiguana the Magician (AtIE)                    Turns: 6032, Time: 00:54:19

Health: 0/101      AC: 14    Str: 16    XL:     11   Next: 50%
Magic:  11/24      EV: 10    Int: 22    God:    Ashenzari [**....]
Gold:   440        SH:  5    Dex: 10    Spells: 15/28 levels left

rFire   + . .      SeeInvis +    L - +3 dagger (distort)
rCold   + . .      Faith    .    A - +0 buckler of the Oracular God {Bglg, Self} (curse)
rNeg    + . .      Spirit   .    w - +0 robe of Ashenzari's Seeker {Will+, Elem, Fort} (curse)
rPois   +          Reflect  .    y - -2 hat of the Alchemist {rElec rPois rF+ rC+ rN+ Will+ rMut rCorr, Self, Comp} (curse)
rElec   +          Roll     +    c - +0 cloak of Autumn {Str+2 Int+2 Stlth-}
rCorr   +                        B - +1 pair of gloves
rMut    +                        (no barding)
Will    ++...                    (no amulet)
Stlth   +                        (no ring)
HPRegen 0.36/turn                (no ring)
MPRegen 0.19/turn

@: ice-armoured, freezing walls
A: large, rugged brown scales 3, deformed body, armoured tail, roll, long
tongue, awkward tongue
a: Renounce Religion, Shatter the Chains


You were on level 11 of the Dungeon.
You worshipped Ashenzari.
Ashenzari was pleased with you.
You visited 2 branches of the dungeon, and saw 12 of its levels.
You also visited: Ossuary.

You collected 1818 gold pieces.
You spent 1378 gold pieces at shops.

Inventory:

Hand Weapons
 d - a +0 short sword of freezing
 L - a +3 dagger of distortion (weapon)
Missiles
 e - 17 poisoned darts
 i - a boomerang (quivered)
 H - a throwing net
Armour
 c - the +0 cloak of Autumn (worn) {Str+2 Int+2 Stlth-}
   (You found it on level 10 of the Dungeon)

   Str:       It affects your strength (+2).
   Int:       It affects your intelligence (+2).
   Stlth:     It makes you less stealthy.
 w - the cursed +0 robe of Ashenzari's Seeker (worn) {Will+, Elem, Fort}
   (You took it off a wight on level 6 of the Dungeon)

   It has a curse which improves the following skills: Elements: Fire Magic, Ice
   Magic, Air Magic and Earth Magic.
   Fortitude: Armour and Shields.
 y - the cursed -2 hat of the Alchemist (worn) {rElec rPois rF+ rC+ rN+ Will+ rMut rCorr, Self, Comp}
   (You bought it in a shop on level 4 of the Dungeon)

   rF:        It protects you from fire.
   rC:        It protects you from cold.
   rElec:     It insulates you from electricity.
   rPois:     It protects you from poison.
   rN:        It protects you from negative energy.
   rCorr:     It protects you from acid and corrosion.
   rMut:      It protects you from mutation.
   Will:      It increases your willpower.
   It has a curse which improves the following skills: Introspection: Fighting
   and Spellcasting.
   Companions: Summonings and Necromancy.
 A - the cursed +0 buckler of the Oracular God (worn) {Bglg, Self}
   (You bought it in a shop on level 4 of the Dungeon)

   It has a curse which improves the following skills: Beguiling: Conjurations,
   Hexes and Translocations.
   Introspection: Fighting and Spellcasting.
 B - a +1 pair of gloves (worn)
 M - a +2 robe of willpower
Magical Staves
 r - a staff of fire
 u - a staff of air
 x - a staff of death
 E - a staff of poison
Wands
 n - a wand of digging (10) {@v3}
 s - a wand of paralysis (17)
 I - a wand of roots (1)
Scrolls
 a - 2 scrolls of noise
 g - a scroll of vulnerability
 h - 2 scrolls of brand weapon
 j - 5 scrolls of amnesia
 l - 5 scrolls of magic mapping {@r5}
 o - a scroll of identify {@r1}
 q - 5 scrolls of teleportation {@r3}
 v - 2 scrolls of blinking {@r4}
 C - a scroll of fog
 D - 2 scrolls of immolation
Potions
 b - 2 potions of magic
 k - 2 potions of flight
 m - 5 potions of brilliance
 p - 3 potions of might {@q3}
 t - 5 potions of haste {@q4}
 z - 3 potions of resistance {@q5}
 F - a potion of heal wounds {@q2}
 J - 2 potions of lignification
 K - a potion of curing {@q1}
Miscellaneous
 G - a lightning rod (2/4)


   Skills:
 - Level 6.7(8.6) Fighting
 - Level 4.3(5.5) Armour
 - Level 4.5 Dodging
 - Level 4.4 Stealth
 - Level 4.5(5.7) Shields
 - Level 7.2(9.2) Spellcasting
 + Level 6.7(8.0) Summonings
 - Level 2.0 Transmutations
 - Level 7.0(8.2) Ice Magic
 - Level 2.2(3.2) Earth Magic
 - Level 4.0 Evocations


You had 15 spell levels left.
You knew the following spells:

 Your Spells              Type           Power      Damage    Failure   Level
a - Freeze                Ice            100%       1d10      1%          1
b - Frozen Ramparts       Ice            92%        1d14      1%          3
c - Ozocubu's Armour      Ice            46%        N/A       1%          3
d - Summon Ice Beast      Ice/Summ       45%        N/A       2%          4
e - Passwall              Tmut/Erth      17%        N/A       4%          2

Your spell library contained the following spells:

 Spells                   Type           Power      Damage    Failure   Level
 Ensorcelled Hibernation  Hex/Ice        56%        N/A       1%          2
 Summon Guardian Golem    Hex/Summ       28%        N/A       4%          3
 Animate Armour           Summ/Erth      68%        N/A       8%          4
 Scorch                   Fire           20%        2d6       11%         2
 Inner Flame              Hex/Fire       10%        N/A       22%         3
 Swiftness                Air            10%        N/A       22%         3
 Summon Cactus Giant      Summ           22%        N/A       41%         6
 Flame Wave               Conj/Fire      10%        2d6       58%         4
 Sticky Flame             Conj/Fire      10%        2d3       58%         4
 Blade Hands              Tmut           9%         N/A       67%         5
 Iron Shot                Conj/Erth      8%         9d3       99%         6
 Orb of Destruction       Conj           5%         9d5       100%        7
 Spellforged Servitor     Conj/Summ      14%        N/A       100%        7


Dungeon Overview and Level Annotations

Branches:
Dungeon (11/15) Zot: 26549  Temple (1/1) D:4 Zot: 5927    Lair (0/5) D:8
Ossuary (visited)
    Orc: D:9-12

Altars:
Ashenzari
Cheibriados
Dithmenos
Gozag
Makhleb
Nemelex Xobeh
Qazlal
Ru
Sif Muna
Trog
Uskayaw
Wu Jian
Zin
The Shining One

Shops:
D:2 *   D:4 [   D:9 (![(


Innate Abilities, Weirdness & Mutations

You are completely covered in rugged brown scales. (AC +3, +7% HP)
Armour fits poorly on your strangely shaped body.
You have a long armoured tail.
You roll when moving toward enemies. (Rampage)
Your long tongue fully drains potion bottles. (2x potion effects)
Your tongue gives you trouble enunciating. (1.5x scroll delay)


Message History

A cyclops comes into view.
The cyclops shouts!
You see here 13 gold pieces.
You now have 440 gold pieces (gained 13).
The cyclops throws a large rock.
You see here a +0 rapier.
You start resting.
A cyclops is nearby!
You hit the cyclops.
The cyclops is lightly wounded.
The cyclops hits you!
* * * LOW HITPOINT WARNING * * *
Casting: Summon Ice Beast (mildly dangerous; 2% risk of failure)
Confirm with . or Enter, or press ? or * to list all spells.
Casting: Frozen Ramparts (safe; 1% risk of failure)
Press: ? - help, Dir - look around, f - activate
Okay, then.
Casting: Frozen Ramparts (safe; 1% risk of failure)
Confirm with . or Enter, or press ? or * to list all spells.
A film of ice covers your body!
Casting: Ozocubu's Armour (safe; 1% risk of failure)
Confirm with . or Enter, or press ? or * to list all spells.
Casting: Frozen Ramparts (safe; 1% risk of failure)
Press: ? - help, Dir - look around, f - activate The walls around you are covered in ice.
The wall freezes the cyclops.
The cyclops hits you!!
* * * LOW HITPOINT WARNING * * *
You hit the cyclops.
Space warps horribly around the cyclops.
You tail-slap the cyclops!
The cyclops is heavily wounded.
The cyclops hits you.
* * * LOW HITPOINT WARNING * * *
Casting: Frozen Ramparts (safe; 1% risk of failure)
Confirm with . or Enter, or press ? or * to list all spells.
A chill wind blows around you.
You hit the cyclops.
The cyclops is heavily wounded.
The wall freezes the cyclops!
The cyclops hits you!!
You die...

...$...#####.........##
.C...#..............##
#.........###..#### ,
#........## #..#
.....###...# #..#
....,,.....# #..## ...
......# #...## #.
.......#####...### #,
.#####...#@).....## ,
,,.. *##.C........##
,,#. ###.Y.........# ,
*#.............# ,
...#...........# *#.
##...##.<.......##
#..#..# ##.....).##
#....####..###(.## ,*
#......##.####...##


You could see a cyclops (ally target) and a friendly ice beast (summoned).

Vanquished Creatures
  Josephine (D:10)
  A two-headed ogre (D:9)
  Lodul (D:10)
  Psyche (D:10)
  A troll (D:10)
  A hornet (D:9)
  The ghost of osoart the Trooper, an amateur DjFE (D:4)
  Grinder (D:3)
  2 shadows
  2 wyverns (D:8)
  2 wraiths (D:10)
  6 yaks
  Menkaure (D:5)
  2 steam dragons
  2 water moccasins (D:8)
  A nameless horror (D:6)
  A black bear (D:6)
  A sky beast (D:7)
  2 ice beasts
  7 ogres
  7 centaurs
  A phantom (D:5)
  2 bullfrogs (D:8)
  A gnoll sergeant (D:9)
  A scorpion (D:5)
  5 wights
  8 killer bees
  A howler monkey (D:7)
  A centaur zombie (Ossuary)
  A gnoll bouda (D:10)
  A hound (D:6)
  5 orc priests
  An iron imp (D:8)
  2 jellies
  2 iguanas
  Jessica (D:3)
  A sleepcap (D:6)
  Ijyb (D:3)
  6 orc wizards
  Natasha (twice) (D:3)
  11 gnolls
  6 adders
  A white imp (D:6)
  3 ufetubi
  An adder zombie (Ossuary)
  2 dart slugs
  31 orcs
  4 ball pythons
  4 endoplasms
  A giant cockroach (D:2)
  6 goblins
  3 hobgoblins
  4 jackals
  13 kobolds
  2 quokkas (D:1)
  6 bats
  5 frilled lizards
  2 goblin skeletons (D:8)
  2 goblin zombies
  9 hobgoblin zombies
  A kobold skeleton (D:8)
  5 kobold zombies (Ossuary)
  3 orc skeletons (D:8)
  8 orc zombies (Ossuary)
  5 rats
  A rat zombie (Ossuary)
226 creatures vanquished.

Vanquished Creatures (collateral kills)
  A cyclops (D:11)
  A wraith (D:10)
  3 yaks
  An acid dragon (D:10)
  3 water moccasins (D:8)
  An ogre (D:10)
  2 centaurs
  A phantom (D:7)
  A kobold brigand (D:8)
  A gnoll sergeant (D:10)
  2 wights
  A killer bee (D:10)
  A howler monkey (D:9)
  A jelly (D:6)
  2 orc priests
  An orc wizard (D:9)
  2 mummies (Ossuary)
  7 gnolls
  An adder (D:6)
  A white imp (D:7)
  An adder zombie (Ossuary)
  4 orcs
  A goblin zombie (Ossuary)
  3 hobgoblin zombies (Ossuary)
  A jackal zombie (Ossuary)
  2 kobold zombies (Ossuary)
  An orc zombie (Ossuary)
  2 rat zombies (Ossuary)
49 creatures vanquished.

Vanquished Creatures (others)
  3 fungi (D:8)
  12 plants (D:8)
15 creatures vanquished.

Grand Total: 290 creatures vanquished

Notes
Turn   | Place    | Note
-------+----------+-------------------------------------------
     0 | D:1      | iguanaiguana the Armataur Ice Elementalist began the quest
                  | for the Orb.
     0 | D:1      | Reached XP level 1. HP: 14/14 MP: 3/3
   160 | D:2      | Reached XP level 2. HP: 15/21 MP: 0/5
   175 | D:2      | Found Boluesm's General Store.
   192 | D:2      | Bought a scroll of identify for 20 gold pieces
   192 | D:2      | Bought a scroll of teleportation for 30 gold pieces
   192 | D:2      | Bought a scroll of identify for 20 gold pieces
   315 | D:4      | Noticed an ogre
   349 | D:4      | Found a staircase to the Ecumenical Temple.
   400 | D:4      | Reached XP level 3. HP: 19/27 MP: 6/6
   424 | Temple   | Entered the Ecumenical Temple
   440 | Temple   | Learned a level 3 spell: Frozen Ramparts
   452 | Temple   | Became a worshipper of Ashenzari the Shackled
   859 | D:1      | Reached skill level 5 in Ice Magic
  1104 | D:3      | Noticed Natasha
  1111 | D:3      | Killed Natasha
  1112 | D:3      | Reached XP level 4. HP: 35/35 MP: 3/7
  1122 | D:3      | Found a bloodstained altar of Trog.
  1129 | D:3      | Noticed Ijyb
  1136 | D:3      | Noticed Grinder
  1144 | D:3      | Killed Ijyb
  1153 | D:3      | Paralysed by Grinder for 4 turns
  1159 | D:3      | Killed Grinder
  1160 | D:3      | Reached XP level 5. HP: 40/40 MP: 3/8
  1160 | D:3      | Reached XP level 6. HP: 48/48 MP: 3/9
  1173 | D:3      | Noticed Natasha
  1191 | D:3      | Noticed Jessica
  1196 | D:3      | Killed Jessica
  1201 | D:3      | Killed Natasha
  1368 | D:4      | Found a shimmering blue altar of Sif Muna.
  1400 | D:3      | Learned a level 3 spell: Ozocubu's Armour
  1407 | D:4      | Reached skill level 1 in Summonings
  1438 | D:4      | Reached XP level 7. HP: 45/53 MP: 4/10
  1504 | D:4      | Reached * piety under Ashenzari
  1595 | D:4      | Found a runed translucent gate.
  1595 | D:4      | Found a runed translucent gate.
  1595 | D:4      | Found a runed translucent gate.
  1598 | D:4      | Noticed osoart's ghost (amateur DjFE)
  1603 | D:4      | Identified the +3 mace of Fimbulwinter {freeze, Str+3 Int-4
                  | SInv}
  1676 | D:4      | Learned a level 4 spell: Summon Ice Beast
  1723 | D:4      | Killed osoart's ghost
  1863 | D:5      | Entered Level 5 of the Dungeon
  1955 | D:5      | Reached skill level 5 in Summonings
  1956 | D:5      | Reached XP level 8. HP: 36/60 MP: 7/12
  2010 | D:5      | Identified the +1 leather armour of Dust Devil {rCorr
                  | Str+3}
  2078 | D:5      | Found a sparkling altar of Nemelex Xobeh.
  2082 | D:5      | Reached ** piety under Ashenzari
  2133 | D:4      | Found Lujuc's Antique Armour Boutique.
  2191 | D:5      | Noticed Menkaure
  2193 | D:5      | Killed Menkaure
  2335 | D:6      | Identified a scroll of acquirement
  2347 | D:6      | Acquired 1086 gold pieces
  2358 | D:6      | HP: 2/54 [wight/+2 halberd of freezing (3)]
  2371 | D:6      | Reached skill level 5 in Spellcasting
  2387 | D:6      | Found a sand-covered staircase.
  2393 | Ossuary  | Entered an ossuary
  2736 | D:4      | Bought the -2 hat of the Alchemist {rElec rPois rF+ rC+ rN+
                  | Will+ rMut rCorr} for 944 gold pieces
  2736 | D:4      | Found the -2 hat of the Alchemist {rElec rPois rF+ rC+ rN+
                  | Will+ rMut rCorr}
  2736 | D:4      | Bought a buckler for 90 gold pieces
  2736 | D:4      | Bought a pair of gloves for 90 gold pieces
  2736 | D:4      | Bought a steaming robe for 114 gold pieces
  2736 | D:4      | Identified the +2 robe of Wu Jian's Generosity {*Corrode
                  | Str+3 Int+2} (You bought it in a shop on level 4 of the
                  | Dungeon)
  2815 | D:6      | Noticed a nameless horror
  2824 | D:6      | Killed a nameless horror
  2927 | D:6      | Found a burning altar of Makhleb.
  3013 | D:6      | Reached XP level 9. HP: 66/66 MP: 8/18
  3319 | D:7      | Reached skill level 1 in Fighting
  3673 | D:8      | Reached skill level 5 in Fighting
  3792 | D:8      | Found an ornate altar of the Wu Jian Council.
  3795 | D:8      | Found a hide-covered altar of Uskayaw.
  3798 | D:8      | Found a glowing silver altar of Zin.
  3803 | D:8      | Found an opulent altar of Gozag.
  3858 | D:8      | Reached skill level 1 in Evocations
  3858 | D:8      | Reached XP level 10. HP: 90/96 MP: 4/23
  3947 | D:8      | Found a glowing golden altar of the Shining One.
  3980 | D:8      | Identified the +0 mace of Qauqojio {vamp, Will+}
  4088 | D:8      | Found a staircase to the Lair.
  4215 | D:9      | Found Sael's Antique Weapon Shoppe.
  4224 | D:9      | Reached *** piety under Ashenzari
  4328 | D:9      | Reached skill level 1 in Armour
  4328 | D:9      | Reached skill level 1 in Shields
  4386 | D:9      | Found Minwax's Armour Shoppe.
  4521 | D:9      | Learned a level 2 spell: Passwall
  4521 | D:9      | Upgraded the game from 0.30-a0-879-ga8ba668304 to
                  | 0.30-a0-881-g1ff12e1e11
  4549 | D:9      | Found Gioro's Distillery.
  4552 | D:9      | Bought a potion of heal wounds for 70 gold pieces
  4704 | D:9      | Found Ominanerr's Weapon Emporium.
  4757 | D:9      | Reached skill level 1 in Transmutations
  4757 | D:9      | Reached skill level 1 in Earth Magic
  4898 | D:9      | Found a stormy altar of Qazlal.
  4923 | D:9      | Noticed a two-headed ogre
  4927 | D:9      | Killed a two-headed ogre
  4955 | D:10     | Entered Level 10 of the Dungeon
  4968 | D:10     | Noticed Psyche
  4972 | D:10     | Noticed Josephine
  4974 | D:10     | Killed Psyche
  5007 | D:10     | Noticed Lodul
  5009 | D:10     | Reached XP level 11. HP: 66/103 MP: 3/24
  5018 | D:10     | Killed Lodul
  5079 | D:10     | Identified the cursed +0 cloak "Share My Failure" {Bglg,
                  | Elem} (You found it on level 4 of the Dungeon)
  5079 | D:10     | Identified the cursed +0 robe of Ashenzari's Seeker {Will+,
                  | Elem, Fort} (You took it off a wight on level 6 of the
                  | Dungeon)
  5177 | D:10     | Found a shadowy altar of Dithmenos.
  5256 | D:10     | Identified the +0 cloak of Autumn {Str+2 Int+2 Stlth-}
  5291 | D:10     | Killed Josephine
  6032 | D:11     | Slain by a cyclops

Illustrated notes

Levels and vault maps discovered:
D:1:      erik_arrival_orb_chamber, layout_basic, minmay_heptomino_w4
D:2:      layout_basic, serial_shops, nicolae_shop_trees,
          hellmonk_ecumenical_altar_inner_sanctum
D:3:      layout_basic, mainiacjoe_overflow_concentric_impassable, uniq_grinder,
          uniq_ijyb, uniq_crazy_yiuf_cottage, uniq_jessica, uniq_natasha
D:4:      minmay_evil_eye, layout_loops_corners, nicolae_sif_muna_condensation,
          minmay_temple_entry_statues, biasface_ghost_orc_armoury, serial_shops,
          shop
D:5:      layout_loops_cross, nemelex_xobeh_ov_fountains_minmay, uniq_duvessa,
          uniq_menkaure
D:6:      layout_basic, nicolae_overflow_crystal_walls,
          nicolae_ossuary_entry_plus
D:7:      layout_loops_cross, okawaru_ov_weapons_minmay, st_stairs_12,
          minivault_23
D:8:      layout_loops_ring, nicolae_tso_besieged_by_evil,
          grunt_temple_overflow_cloverleaf, minmay_lair_entry_grove
D:9:      layout_grid_maze, lemuel_round_altar, serial_shops,
          nicolae_stop_n_shop_2, shop, kennysheep_mini, shop,
          nicolae_diamond_shop
D:10:     layout_basic, mainiacjoe_overflow_paths, uniq_lodul, uniq_psyche,
          uniq_josephine
D:11:     layout_rooms, kennysheep_boxes, uniq_erolcha, uniq_snorg, uniq_amaemon
Temple:   hellmonk_temple_beads

Skill      XL: |  1  2  3  4  5  6  7  8  9 10 11 |
---------------+----------------------------------+-----
Spellcasting   | 2 3 6 7 |  7.2
Ice Magic      | 4 5 6 7 |  7.0
Summonings     | 2 5 6 |  6.7
Fighting       | 6 |  6.7
Evocations     | 1 4 |  4.0
Dodging        | 3 4 |  4.5
Armour         | 4 |  4.3
Shields        | 4 |  4.5
Transmutations | 2 |  2.0
Earth Magic    | 2 |  2.2
Stealth        | 3 4 |  4.4

Action                     |  1- 3 |  4- 6 |  7- 9 | 10-12 || total
---------------------------+-------+-------+-------+-------++-------
  Melee: Short sword       |    50 |     7 |       |       ||    57
         Tailslap          |     8 |     7 |    34 |    21 ||    70
         Dagger            |       |    28 |   207 |   147 ||   382
         Punch             |       |       |     3 |       ||     3
  Throw: Dart              |     5 |     1 |       |     1 ||     7
         Boomerang         |       |       |     4 |       ||     4
   Cast: Freeze            |    16 |       |       |       ||    16
         Frozen Ramparts   |     8 |     6 |    29 |    25 ||    68
         Ozocubu's Armour  |       |     1 |     8 |    17 ||    26
         Summon Ice Beast  |       |       |    27 |    34 ||    61
         Passwall          |       |       |       |    15 ||    15
 Invoke: Curse Item        |     1 |       |     4 |     1 ||     6
         Shatter the Chain |       |       |     1 |     2 ||     3
  Evoke: Lightning rod     |       |       |       |     5 ||     5
         Wand              |       |       |       |     4 ||     4
    Use: Scroll            |     7 |     2 |     2 |     1 ||    12
         Potion            |     2 |       |     1 |     2 ||     5
   Stab: Sleeping          |     6 |     2 |     3 |     7 ||    18
         Distracted        |       |       |     2 |     1 ||     3
 Armour: Robe              |    71 |     8 |    52 |    67 ||   198
         Leather armour    |       |       |    35 |       ||    35
         Skin              |       |       |       |     3 ||     3
  Dodge: Dodged            |    85 |    19 |   111 |   119 ||   334
  Block: Buckler           |       |       |    17 |    50 ||    67

Table legend: (Time is in decaauts)
 A = Elapsed time spent in this place.
 B = Non-inter-level travel time spent in this place.
 C = Inter-level travel time spent in this place.
 D = Time resting spent in this place.
 E = Time spent auto-exploring this place.
 F = Levels seen in this place.
 G = Mean time per level.
                   A        B        C        D        E       F      G
               +--------+--------+--------+--------+--------+-----+--------+
         Total |   6092 |   5357 |    735 |    378 |      0 |  13 |  468.6 |
       Dungeon |   5785 |   5050 |    735 |    378 |      0 |  11 |  525.9 |
        Temple |     72 |     72 |      0 |      0 |      0 |   1 |   72.0 |
       Ossuary |    234 |    234 |      0 |      0 |      0 |   1 |  234.0 |
               +--------+--------+--------+--------+--------+-----+--------+

Top non-repeatable levels by time:
    D:10: 985 daAuts
     D:9: 740 daAuts
     D:4: 716 daAuts
     D:8: 643 daAuts
     D:6: 634 daAuts
     D:3: 470 daAuts
     D:5: 455 daAuts
     D:2: 380 daAuts
     D:7: 308 daAuts
     D:1: 301 daAuts
 Ossuary: 234 daAuts
    D:11: 146 daAuts
  Temple: 72 daAuts
